 Dungeon Crawl Stone Soup version 0.24.0-13-gcf9b319 (webtiles) character file.

Game seed: 13825824173886627193, levelgen mode: deterministic

25132 Nore5515 the Spear-Bearer (level 12, 0/106 HPs)
             Began as a Minotaur Gladiator on Mar 8, 2020.
             Was a Priest of Trog.
             Slain by a 13-headed hydra (1 damage)
             ... on level 3 of the Lair of Beasts on Mar 9, 2020.
             The game lasted 02:00:02 (15436 turns).

Nore5515 the Spear-Bearer (Minotaur Gladiator)     Turns: 15436, Time: 02:00:03

Health: 0/106      AC: 21    Str: 23    XL:     12   Next: 86%
Magic:  11/11      EV: 11    Int:  5    God:    Trog [***...]
Gold:   302        SH: 19    Dex: 13    Spells: 11/11 levels left

rFire    . . .     SeeInvis .   a - +2 trident
rCold    . . .     Gourm    .   o - +0 large shield
rNeg     + . .     Faith    .   V - +2 scale mail {rPois}
rPois    +         Spirit   .   c - +1 hat
rElec    .         Reflect  .   G - +2 cloak
rCorr    .         Harm     +   e - +2 pair of gloves
MR       ++...                  s - +1 pair of boots
Stlth    ++........             B - amulet of harm
HPRegen  1.27/turn              u - ring of stealth
MPRegen  0.12/turn              d - ring of positive energy

@: regenerating
A: retaliatory headbutt, horns 2
a: Berserk, Trog's Hand, Renounce Religion


You were on level 3 of the Lair of Beasts.
You worshipped Trog.
Trog was most pleased with you.
You were hungry.

You visited 2 branches of the dungeon, and saw 15 of its levels.

You collected 779 gold pieces.
You spent 477 gold pieces at shops.

Inventory:

Hand Weapons
 a - a +2 trident (weapon)
 p - the +8 whip "Snakebite" {curare, rPois}
   (You found it on level 3 of the Lair of Beasts)

   It poisons the flesh of those it strikes.
   It protects you from poison.
 t - a +0 glaive of flaming
Missiles
 i - 51 poisoned darts
 r - 368 stones (quivered)
 F - 5 javelins
 Z - 4 silver javelins
Armour
 c - a +1 hat (worn)
 e - a +2 pair of gloves (worn)
 o - a +0 large shield (worn)
 s - a +1 pair of boots (worn)
 G - a +2 cloak (worn)
 V - a +2 scale mail of poison resistance (worn)
Magical Staves
 X - an uncursed staff of death {unknown}
Jewellery
 d - a ring of positive energy (right hand)
 m - an uncursed ring of protection from fire
 u - a ring of stealth (left hand)
 w - an uncursed ring of ice
 x - an uncursed ring of protection from fire
 B - an amulet of harm (around neck)
 H - an uncursed ring of see invisible
 U - an uncursed ring of protection from cold
Wands
 f - a wand of acid (12)
 k - a wand of digging (6)
 I - a wand of clouds (2)
 P - a wand of flame (30)
Scrolls
 l - 6 scrolls of amnesia
 v - 5 scrolls of remove curse
 y - 3 scrolls of identify
 z - a scroll of immolation
 D - 3 scrolls of teleportation
 E - a scroll of blinking
 N - a scroll of fear
 Q - a scroll of magic mapping {unknown}
 W - 2 scrolls of enchant armour
 Y - 2 scrolls of fog {unknown}
Potions
 g - 2 potions of mutation {unknown}
 h - 11 potions of curing
 n - 2 potions of magic {unknown}
 A - a potion of lignification {unknown}
 C - 3 potions of brilliance {unknown}
 J - a potion of haste {unknown}
 K - a potion of might {unknown}
 L - a potion of agility {unknown}
 O - a potion of flight {unknown}
 R - a potion of cancellation {unknown}
 S - a potion of resistance {unknown}
Miscellaneous
 b - a crystal ball of energy


   Skills:
 + Level 10.1 Fighting
 + Level 14.2 Polearms
 + Level 7.0 Throwing
 + Level 10.0 Armour
 + Level 6.6 Dodging
 + Level 2.6 Stealth
 + Level 12.6 Shields
 + Level 0.4 Evocations


You had 11 spell levels left.
You didn't know any spells.
Your spell library contained the following spells:

 Spells                   Type           Power        Failure   Level  Hunger
 Beastly Appendage        Tmut           #.....       99%         1    ##.....
 Poisonous Vapours        Pois/Air       #.....       100%        2    ###....
 Sticks to Snakes         Tmut           #.......     100%        2    ###....
 Conjure Flame            Conj/Fire      #.......     100%        3    ####...
 Mephitic Cloud           Conj/Pois/Air  #.......     100%        3    ####...
 Spider Form              Tmut/Pois      #.........   100%        3    ####...
 Ice Form                 Ice/Tmut       #.......     100%        4    #####..
 Blade Hands              Tmut           #.........   100%        5    ######.
 Freezing Cloud           Conj/Ice/Air   #.........   100%        6    #######
 Ring of Flames           Chrm/Fire      #.........   100%        7    #######


Dungeon Overview and Level Annotations

Branches:
Dungeon (12/15)            Temple (0/1) D:7            Lair (3/6) D:11
  Snake (0/4) Lair:3
  Swamp: Lair:2-4    Shoals: Lair:2-4       Orc: D:9-12

Altars:
Ashenzari
Cheibriados
Elyvilon
Gozag
Hepliaklqana
Kikubaaqudgha
Nemelex Xobeh
Qazlal
Sif Muna
Trog
Wu Jian
Xom
Yredelemnul
Zin

Shops:
D:4 (   D:9 [   D:10 [   D:11 !

Portals:
Trove: D:10 (show slimy rune of Zot)


Innate Abilities, Weirdness & Mutations

You reflexively headbutt those who attack you in melee.
You have a pair of horns on your head.


Message History

* * * LOW HITPOINT WARNING * * *
The 13-headed hydra closely misses you. The 13-headed hydra bites you.
* * * LOW HITPOINT WARNING * * *
You block the 13-headed hydra's attack. The 13-headed hydra barely misses you.
The 13-headed hydra bites you but does no damage.
As you read the scroll of fear, it crumbles to dust.
You assume a fearsome visage.
The 13-headed hydra easily resists.
You block the 13-headed hydra's attack.
The 13-headed hydra bites you but does no damage.
The 13-headed hydra bites you!
* * * LOW HITPOINT WARNING * * *
You block the 13-headed hydra's attack.
The 13-headed hydra bites you but does no damage.
The 13-headed hydra barely misses you. You block the 13-headed hydra's attack.
The 13-headed hydra bites you.
* * * LOW HITPOINT WARNING * * *
The 13-headed hydra bites you.
* * * LOW HITPOINT WARNING * * *
The 13-headed hydra bites you.
You die...

...#.#P......D................#
.....#....#####.##...[##.##...#
.....#...## ####D#>#######..#
......D...# #....###..#.##
..#P.#.P.## ##....#....[.#
.###.###..# #..#.........#
.#######.## ####..###P.....##
.P# ##.#### ###..D..# ##..P.#.#
..# #..##?♣.##..@..## ##.#...#
PP###P.#....≈###.### ##.#.###
P###...'..%.(≈ ##.# ####....##
.......'..).)♣ ######.###.#..#
.....#.'.....♣##P##...P......#
.####..#..?..##...........#..#
.# ##.##≈.≈##...##.#.##....##
## ########.......####.....# #
#..##..#.# ####..#


You could see a 13-headed hydra.

Vanquished Creatures
  The ghost of Sadonosm the Carver, a journeyman DgSk (Lair:3)
  4 hydras
  Fannar (Lair:2)
  3 death yaks (Lair:3)
  Pikel (D:6)
  An ugly thing (D:11)
  A manticore (D:11)
  A cyclops (D:11)
  A black mamba (Lair:1)
  A gargoyle (D:11)
  3 spiny frogs
  A kobold demonologist (D:11)
  A komodo dragon (Lair:2)
  A troll (D:9)
  A merfolk (D:9)
  Grinder (D:6)
  2 hornets (D:11)
  8 hippogriffs
  A wraith (D:11)
  A wyvern (Lair:3)
  A basilisk (Lair:1)
  17 yaks
  2 hungry ghosts
  2 nagas (Lair:3)
  18 water moccasins
  4 porcupines
  5 black bears
  A phantom (D:4)
  4 ice beasts
  An eye of draining (D:8)
  4 orc warriors
  A swamp drake (D:10)
  2 sky beasts
  A necrophage (D:6)
  4 centaurs
  7 ogres
  11 crocodiles
  8 bullfrogs
  8 big kobolds (D:11)
  A wyvern skeleton (D:9)
  5 scorpions
  2 electric eels (D:10)
  4 howler monkeys
  A centaur zombie (D:7)
  2 bullfrog zombies
  3 quasits
  2 centaur skeletons
  5 jellies
  6 hounds
  8 orc wizards
  3 orc priests
  9 iguanas
  10 worker ants
  2 hound zombies
  A hound skeleton (D:4)
  A worker ant zombie (D:9)
  12 adders
  A shadow imp (D:9)
  An ooze (D:2)
  2 adder zombies
  2 adder skeletons
  3 worms
  A dart slug (D:2)
  11 leopard geckos
  26 orcs
  6 bats
  4 giant cockroaches
  9 goblins
  3 hobgoblins
  22 jackals
  10 kobolds
  2 quokkas
  A ball python (D:3)
  A ball python zombie (D:5)
  15 frilled lizards
  6 rats
  A fungus (Lair:3)
  2 plants
342 creatures vanquished.

Vanquished Creatures (collateral kills)
  Erolcha (D:11)
  A gargoyle (D:11)
  10 big kobolds (D:11)
  4 kobolds (D:11)
16 creatures vanquished.

Vanquished Creatures (others)
  A slave (D:7)
  An orc (D:6)
  A jackal (D:7)
  A frilled lizard (D:10)
  3 plants (Lair:3)
7 creatures vanquished.

Grand Total: 365 creatures vanquished

Notes
Turn   | Place    | Note
-------+----------+-------------------------------------------
     0 | D:1      | Nore5515 the Minotaur Gladiator began the quest for the
                  | Orb.
     0 | D:1      | Reached XP level 1. HP: 18/18 MP: 0/0
   449 | D:1      | Reached XP level 2. HP: 24/25 MP: 1/1
   518 | D:1      | Reached skill level 4 in Polearms
  1504 | D:2      | Found a white marble altar of Elyvilon.
  1507 | D:2      | Became a worshipper of Elyvilon the Healer
  1533 | D:2      | Reached XP level 3. HP: 30/30 MP: 2/2
  1649 | D:2      | Found an ancient bone altar of Kikubaaqudgha.
  1898 | D:2      | Found a hazy altar of Hepliaklqana.
  1988 | D:2      | Reached XP level 4. HP: 38/38 MP: 3/3
  2288 | D:3      | Reached * piety under Elyvilon
  2299 | D:2      | Reached skill level 1 in Armour
  2313 | D:2      | Reached skill level 5 in Polearms
  2416 | D:3      | Noticed a bullfrog
  2430 | D:3      | Killed a bullfrog
  2430 | D:3      | Reached skill level 1 in Shields
  2430 | D:3      | Reached XP level 5. HP: 44/45 MP: 4/4
  3012 | D:4      | Found Cipecuef's Antique Weapon Emporium.
  3012 | D:4      | Found a bloodstained altar of Trog.
  3031 | D:4      | Reached ** piety under Elyvilon
  3124 | D:4      | Reached XP level 6. HP: 49/51 MP: 5/5
  3143 | D:4      | Found a shimmering altar of Xom.
  3189 | D:4      | Reached skill level 6 in Polearms
  3347 | D:4      | Fell from the grace of Elyvilon
  3347 | D:4      | Became a worshipper of Trog the Wrathful
  3473 | D:5      | Entered Level 5 of the Dungeon
  3480 | D:5      | Noticed an ice beast
  3567 | D:5      | Reached XP level 7. HP: 58/59 MP: 6/6
  3722 | D:5      | Reached skill level 7 in Polearms
  3908 | D:5      | Reached skill level 1 in Stealth
  4006 | D:5      | Reached * piety under Trog
  4297 | D:5      | Reached skill level 5 in Fighting
  4297 | D:5      | Reached XP level 8. HP: 64/68 MP: 7/7
  4505 | D:6      | Reached skill level 8 in Polearms
  4554 | D:6      | Found a shimmering blue altar of Sif Muna.
  4669 | D:6      | Reached skill level 9 in Polearms
  4700 | D:6      | Noticed Grinder
  4707 | D:6      | Reached skill level 5 in Shields
  4719 | D:6      | Paralysed by Grinder for 5 turns
  4725 | D:6      | Killed Grinder
  4745 | D:6      | Found a basalt altar of Yredelemnul.
  5128 | D:6      | Reached XP level 9. HP: 75/75 MP: 8/8
  5341 | D:7      | Noticed Pikel
  5445 | D:7      | Paralysed by Pikel for 5 turns
  5479 | D:6      | Killed Pikel
  5479 | D:6      | Reached skill level 10 in Polearms
  5479 | D:6      | Reached skill level 5 in Armour
  5564 | D:7      | Reached ** piety under Trog
  5718 | D:7      | Found a staircase to the Ecumenical Temple.
  5781 | D:7      | Found a snail-covered altar of Cheibriados.
  5829 | D:7      | Found a glowing silver altar of Zin.
  5938 | D:7      | Found a shimmering blue altar of Sif Muna.
  5943 | D:7      | Found a shattered altar of Ashenzari.
  6375 | D:8      | Found a sparkling altar of Nemelex Xobeh.
  6505 | D:8      | Found a stormy altar of Qazlal.
  6573 | D:8      | Found an ornate altar of the Wu Jian Council.
  7076 | D:10     | Entered Level 10 of the Dungeon
  7102 | D:9      | Found an opulent altar of Gozag.
  7122 | D:9      | Reached *** piety under Trog
  7313 | D:9      | Noticed a troll
  7336 | D:9      | Killed a troll
  7336 | D:9      | Reached skill level 11 in Polearms
  7336 | D:9      | Reached XP level 10. HP: 65/84 MP: 9/9
  7431 | D:9      | Reached skill level 5 in Throwing
  7802 | D:9      | Reached skill level 5 in Dodging
  7901 | D:9      | Found Degyll's Antique Armour Emporium.
  7908 | D:9      | Bought a helmet for 153 gold pieces
  8196 | D:10     | Found Yptaeplu's Armour Shoppe.
  8232 | D:10     | Bought a +2 scale mail of poison resistance for 234 gold
                  | pieces
  8632 | D:10     | Reached **** piety under Trog
  8888 | D:10     | Found a portal to a secret trove of treasure.
  9028 | D:10     | HP: 3/88 [electric eel/bolt of electricity (9)]
  9728 | D:10     | Reached skill level 12 in Polearms
  9736 | D:10     | Reached XP level 11. HP: 88/94 MP: 10/10
 10041 | D:11     | Found Fuuriest's Distillery.
 10190 | D:11     | Bought a potion of heal wounds for 90 gold pieces
 10887 | D:11     | Reached skill level 10 in Shields
 10904 | D:11     | Noticed a sixfirhy
 11010 | D:11     | Noticed a red ugly thing
 11026 | D:11     | Killed a red ugly thing
 11183 | D:11     | Noticed Erolcha
 11192 | D:11     | Killed Erolcha
 11435 | D:11     | Reached skill level 13 in Polearms
 11457 | D:11     | Found a staircase to the Lair.
 11465 | Lair:1   | Entered Level 1 of the Lair of Beasts
 11542 | Lair:1   | Noticed a five-headed hydra
 11566 | Lair:1   | Killed a five-headed hydra
 11583 | Lair:1   | Noticed a seven-headed hydra
 11594 | Lair:1   | Killed a seven-headed hydra
 12007 | Lair:1   | Reached XP level 12. HP: 103/103 MP: 11/11
 12810 | Lair:2   | Noticed Fannar
 12840 | Lair:2   | Killed Fannar
 13303 | Lair:2   | Reached skill level 14 in Polearms
 13732 | Lair:3   | Noticed a five-headed hydra
 13741 | Lair:3   | Killed a five-headed hydra
 13866 | Lair:3   | Found a staircase to the Snake Pit.
 13943 | Lair:3   | Noticed a death yak
 13944 | Lair:3   | Noticed a death yak
 13947 | Lair:3   | Noticed a death yak
 13986 | Lair:3   | Killed a death yak
 13997 | Lair:3   | Killed a death yak
 14011 | Lair:3   | Killed a death yak
 14422 | Lair:3   | Found a runed translucent gate.
 14422 | Lair:3   | Found a runed translucent gate.
 14422 | Lair:3   | Found a runed translucent gate.
 14423 | Lair:3   | Noticed a 13-headed hydra
 14425 | Lair:3   | Noticed Sadonosm's ghost (journeyman DgSk)
 14600 | Lair:3   | Received a gift from Trog
 14675 | Lair:3   | Found the +8 whip "Snakebite" {curare, rPois}
 15005 | Lair:3   | Noticed a 13-headed hydra
 15073 | Lair:3   | Killed Sadonosm's ghost
 15073 | Lair:3   | Reached skill level 10 in Fighting
 15073 | Lair:3   | Reached skill level 10 in Armour
 15082 | Lair:3   | Killed a 13-headed hydra
 15436 | Lair:3   | HP: 5/106 [13-headed hydra (3)]
 15436 | Lair:3   | HP: 1/106 [13-headed hydra (4)]
 15436 | Lair:3   | Slain by a 13-headed hydra

Levels and vault maps discovered:
D:1:      co_arrival_random_square_maze, layout_basic, serial_rivers,
          chequers_serial_rivers_micro_c, chequers_serial_rivers_micro_c,
          chequers_serial_rivers_micro_c, chequers_serial_rivers_small_3,
          chequers_serial_rivers_micro_a, chequers_serial_rivers_large_a,
          corexii_corridor_pit, corexii_hall_statues_x
D:2:      layout_basic, nicolae_overflow_crystal_walls, marbit_many_paths,
          lemuel_crystal_altar
D:3:      layout_basic
D:4:      layout_cave_pools, bloody_trog, lemuel_crystal_altar, serial_shops,
          shop
D:5:      minmay_thinvault, layout_loops_ring, first_ration
D:6:      layout_basic, overflow_temple_1_default, basic_altar,
          serial_park_tiny_pond, uniq_grinder
D:7:      layout_basic, cheibriados_altar_1, kennysheep_little_box,
          grunt_temple_overflow_open, minmay_temple_entry_trees, uniq_pikel
D:8:      layout_loops_ring, lemuel_coloured_pillars_altar,
          grunt_qazlal_sundering, nemelex_xobeh_ov_fountains_minmay
D:9:      layout_loops_ring, grunt_gozag_statues, serial_shops, shop,
          hangedman_fish_farm
D:10:     lemuel_reptile_caves, layout_irregular_city,
          nicolae_trove_entry_crossroad, serial_column_ruins, column_ruins_hut,
          column_ruins_square_medium, column_ruins_corridor_straight,
          column_ruins_open_tiny, column_ruins_open_tiny,
          column_ruins_columns_corner, column_ruins_columns_straight,
          serial_shops, shop
D:11:     layout_grid_maze, grunt_lair_entry_orc_guard_hut, special_room
          [special_room_kobold], serial_shops, nicolae_shop_trees, uniq_erolcha
D:12:     layout_loops_ring, hiddenorc2_lemuel, minivault_16
Lair:1:   layout_small_grid
Lair:2:   layout_chaotic_city, uniq_fannar
Lair:3:   minmay_guarded_unrand_snakebite, layout_loops_ring,
          guppyfry_snake_entry_island, gammafunk_ghost_hydra_chop,
          serial_bayou_pond_c

Skill      XL: |  1  2  3  4  5  6  7  8  9 10 11 12 |
---------------+-------------------------------------+-----
Polearms       | 4 5 6 7 9 11 12 13 14 | 14.2
Fighting       | 3 4 5 6 8 10 | 10.1
Armour         | 1 2 3 4 6 8 9 10 | 10.0
Shields        | 1 2 3 5 7 9 11 12 | 12.6
Dodging        | 4 5 6 |  6.6
Throwing       | 3 4 5 7 |  7.0
Stealth        | 1 2 |  2.6
Evocations     | |  0.4

Action                   |  1- 3 |  4- 6 |  7- 9 | 10-12 || total
-------------------------+-------+-------+-------+-------++-------
Melee: Trident           |    97 |   114 |   306 |   815 ||  1332
       Headbutt          |     8 |    19 |    63 |   192 ||   282
Throw: Throwing net      |     9 |     1 |       |     2 ||    12
       Stone             |       |    22 |    54 |    58 ||   134
       Dart              |       |     2 |    11 |     8 ||    21
       Javelin           |       |       |       |    21 ||    21
Invok: Divine Protection |       |     1 |       |       ||     1
       Berserk           |       |       |     1 |     2 ||     3
       Trog's Hand       |       |       |       |     7 ||     7
       Brothers in Arms  |       |       |       |     5 ||     5
Evoke: Wand              |       |       |     3 |     2 ||     5
  Use: Scroll            |       |     3 |     9 |    12 ||    24
       Potion            |       |     1 |     3 |     2 ||     6
 Stab: Held in net/web   |     1 |       |       |     1 ||     2
       Sleeping          |       |     1 |       |     1 ||     2
       Paralysed         |       |       |       |     4 ||     4
  Eat: Chunk             |     1 |       |       |     3 ||     4
       Ration            |     1 |     1 |     5 |     9 ||    16
Armor: Leather armour    |     7 |     2 |       |       ||     9
       Chain mail        |    13 |    33 |    92 |    26 ||   164
       Skin              |       |       |     2 |       ||     2
       Scale mail        |       |       |       |   189 ||   189
Dodge: Dodged            |    24 |    22 |    38 |   150 ||   234
Block: Large shield      |     9 |    67 |   166 |   477 ||   719
